 Dungeon Crawl Stone Soup version 0.27-a0-279-gdfb9265905 (webtiles) character file.

Game seed: 5208753546001093353

164411 HoaS the Marksgargoyle (level 17, -19/103 HPs)
             Began as a Gargoyle Gladiator on Feb 7, 2021.
             Was the Champion of Okawaru.
             Killed from afar by a deep elf annihilator (37 damage)
             ... with a crystal spear
             ... on level 2 of the Elven Halls.
             The game lasted 01:17:52 (25691 turns).

HoaS the Marksgargoyle (Gargoyle Gladiator)        Turns: 25691, Time: 01:17:52

Health: -19/103    AC: 41    Str: 27    XL:     17   Next: 85%
Magic:  25/25      EV: 14    Int: 10    God:    Okawaru [******]
Gold:   1083       SH:  5    Dex: 14    Spells: 16/16 levels left

rFire    . . .     SeeInvis .   w - +4 lajatang (spect)
rCold    . . .     Faith    .   (shield currently unavailable)
rNeg     + . .     Spirit   .   l - +6 plate armour
rPois    ∞         Reflect  +   c - +2 helmet
rElec    +         Harm     .   H - +2 cloak
rCorr    .         Rampage  .   X - +2 pair of gloves
Will     +....                  (no boots)
Stlth    ..........             C - amulet of reflection
HPRegen  0.27/turn              B - +6 ring of strength
MPRegen  0.19/turn              A - +4 ring of evasion

@: flying
A: big wings, negative energy resistance 1, electricity resistance, unbreathing,
petrification resistance, miasma immunity, AC +12
a: Stop Flying, Renounce Religion, Heroism, Finesse


You were on level 2 of the Elven Halls.
You worshipped Okawaru.
Okawaru was exalted by your worship.
You visited 5 branches of the dungeon, and saw 26 of its levels.
You also visited: Volcano.

You collected 3033 gold pieces.
You spent 1950 gold pieces at shops.

Inventory:

Hand Weapons
 e - the +9 quarterstaff of Circularity {drain, Dex+4}
   (You found it on level 9 of the Dungeon)

   A truly terrible weapon, it drains the life of those it strikes.
   It affects your dexterity (+4).
 q - the +7 longbow of Propriety {freeze, rElec rN+ Int+3}
   (Okawaru gifted it to you on level 1 of the Orcish Mines)

   It causes projectiles fired from it to freeze those they strike, causing
   extra injury to most foes and up to half again as much damage against
   particularly susceptible opponents.
   They can also slow down cold-blooded creatures.
   It affects your intelligence (+3).
   It insulates you from electricity.
   It protects you from negative energy.
 w - a +4 spectral lajatang (weapon)
Missiles
 a - 5 throwing nets (quivered)
 L - 769 arrows
Armour
 c - a +2 helmet (worn)
 l - a +6 plate armour (worn)
 H - a +2 cloak (worn)
 X - a +2 pair of gloves (worn)
Jewellery
 d - an uncursed ring of protection from fire
 g - an uncursed ring of resist corrosion
 v - an uncursed ring of protection from cold
 y - a +6 ring of strength
 A - a +4 ring of evasion (right hand)
 B - a +6 ring of strength (left hand)
 C - an amulet of reflection (around neck)
 D - the ring of Zokew {rPois rC+ Will+ Int-4}
   (You found it on level 15 of the Dungeon)

   [ring of poison resistance]

   It affects your intelligence (-4).
   It protects you from cold.
   It protects you from poison.
   It affects your willpower, your defense against some magical effects.
 F - an uncursed ring of protection from fire
 J - an uncursed ring of willpower
Wands
 s - a wand of acid (46)
Scrolls
 j - 10 scrolls of teleportation
 t - a scroll of silence
 u - 4 scrolls of blinking
 x - 5 scrolls of remove curse
 z - a scroll of magic mapping
 P - 2 scrolls of fear
 Q - 2 scrolls of fog
 V - a scroll of summoning
Potions
 b - 3 potions of haste
 f - 2 potions of might
 h - 3 potions of mutation
 i - a potion of ambrosia
 k - 5 potions of lignification
 m - 3 potions of resistance
 n - a potion of attraction
 o - 5 potions of berserk rage
 p - a potion of heal wounds
 r - 7 potions of curing
 G - a potion of cancellation
 I - 7 potions of flight
 S - 3 potions of invisibility


   Skills:
 * Level 10.4 Fighting
 - Level 14.0 Staves
 - Level 20.0 Bows
 - Level 1.7 Throwing
 + Level 7.1 Armour
 + Level 6.0 Dodging
 + Level 11.3 Invocations


You had 16 spell levels left.
You didn't know any spells.
Your spell library contained the following spells:

 Spells                   Type           Power        Failure   Level
 Animate Skeleton         Necr           0%           98%         1
 Corona                   Hex            0%           98%         1
 Pain                     Necr           0%           98%         1
 Shock                    Conj/Air       0%           98%         1
 Ensorcelled Hibernation  Hex/Ice        0%           99%         2
 Swiftness                Air            0%           99%         2
 Confusing Touch          Hex            0%           100%        3
 Dazzling Flash           Conj/Hex       0%           100%        3
 Static Discharge         Conj/Air       0%           100%        3
 Tukima's Dance           Hex            0%           100%        3
 Vampiric Draining        Necr           0%           100%        3
 Airstrike                Air            0%           100%        4
 Animate Dead             Necr           0%           100%        4
 Cause Fear               Hex            0%           100%        4
 Summon Lightning Spire   Summ/Air       0%           100%        4
 Agony                    Necr           0%           100%        5
 Lightning Bolt           Conj/Air       0%           100%        5
 Silence                  Hex/Air        0%           100%        5
 Yara's Violent Unravell  Hex/Tmut       0%           100%        5
 Conjure Ball Lightning   Conj/Air       0%           100%        6
 Discord                  Hex            0%           100%        8
 Tornado                  Air            0%           100%        9


Dungeon Overview and Level Annotations

Branches:
Dungeon (15/15)            Temple (1/1) D:4            Lair (6/6) D:10
 Shoals (0/4) Lair:2        Snake (0/4) Lair:3        Slime (0/5) Lair:6
    Orc (2/2) D:12            Elf (1/3) Orc:2        Vaults (0/5) D:14
 Depths (0/5) D:15        Volcano (visited)

Altars:
Ashenzari
Cheibriados
Dithmenos
Elyvilon
Fedhas
Gozag
Hepliaklqana
Kikubaaqudgha
Makhleb
Nemelex Xobeh
Okawaru
Qazlal
Ru
Sif Muna
Trog
Uskayaw
Vehumet
Wu Jian
Xom
Yredelemnul
Zin
The Shining One
Beogh
Jiyva

Shops:
D:5 !   D:9 *   Orc:2 ((*([

Annotations:
Orc:1 2 transporters


Innate Abilities, Weirdness & Mutations

You are resistant to torment.
Your stone body is resilient. (AC +12)
You are immune to poison.
Your large and strong wings let you fly indefinitely.
You resist negative energy. (rN+)
You are resistant to electric shocks. (rElec)
You can survive without breathing.
You are immune to petrification.
You are immune to miasma.


Message History

You hit the deep elf annihilator but do no damage.
The deep elf annihilator is moderately wounded.
The +8 hand axe of flaming hits you but does no damage.
The +8 hand axe of flaming hits your spectral weapon.
Your spectral weapon shares its damage with you!
* * * LOW HITPOINT WARNING * * *
The deep elf annihilator hits you but does no damage.
You slice the deep elf annihilator!!
The deep elf annihilator is severely wounded.
The +8 hand axe of flaming barely misses you.
The +8 hand axe of flaming hits your spectral weapon.
Your spectral weapon shares its damage with you!
* * * LOW HITPOINT WARNING * * *
A deep elf zephyrmancer comes into view.
It is wielding a +0 long sword of holy wrath.
The deep elf zephyrmancer barely misses your spectral weapon.
You slash the deep elf annihilator!
The deep elf annihilator is almost dead.
The deep elf annihilator gestures at you while chanting.
The crystal spear hits you!!!
You die...

.. #######.
...§§.. e.....
#(.§§## #e§#§§.
##@(§§§ #)(.#§§
###)e.# .
###...).#...
#/...).).§§#
#..)......§..
+............
#.......##.....
#.......# #....


You could see a deep elf annihilator, 2 deep elf zephyrmancers, a +8 hand axe of
flaming and a friendly +4 spectral lajatang (summoned).

Vanquished Creatures
  Saint Roka (Orc:2)
  Kirke (Lair:5)
  Donald (Orc:2)
  The ghost of Bodu the Basher, a journeyman NaFi of Ashenzari (Lair:5)
  Snorg (Orc:2)
  9 hydras
  Harold (D:9)
  3 ogre magi
  A servant of whispers (Elf:2)
  A boulder beetle (Lair:6)
  A death knight (D:11)
  3 centaur warriors
  Erica (D:10)
  12 two-headed ogres
  2 tengu warriors (D:13)
  5 death yaks
  A queen ant (Lair:2)
  2 orc high priests (Orc:2)
  9 hell knights
  A sun demon (Volcano)
  3 skeletal warriors (D:14)
  5 deep elf knights
  A fire crab (Lair:6)
  3 unseen horrors (D:13)
  A glowing orange brain (D:15)
  3 deep elf zephyrmancers
  A lindwurm (Lair:6)
  2 necromancers (D:10)
  2 orc knights (Orc:2)
  4 deep elf pyromancers
  2 wolf spider zombies
  2 orc sorcerers (Orc:2)
  2 cyclopes
  9 ugly things
  3 manticores
  14 slime creatures
  A black mamba (Lair:5)
  4 merfolk sirens (Lair:2)
  2 molten gargoyles (Volcano)
  5 centaur zombies
  3 elephants (Lair:6)
  A gargoyle (D:12)
  29 cane toads
  Maggie (D:9)
  7 komodo dragons
  4 rime drakes
  An efreet (D:14)
  2 tengu conjurers (D:13)
  A freezing wraith (D:15)
  A red devil (Volcano)
  3 trolls
  Grinder (D:5)
  20 blink frogs
  5 tyrant leeches (Lair:6)
  A hornet (D:13)
  2 saltlings (Elf:2)
  A meliai zombie (D:15)
  Sigmund (D:5)
  4 shadows
  A spriggan (shapeshifter) (D:15)
  2 wyverns
  56 yaks
  2 fire bats (Volcano)
  A wraith (D:15)
  A yak (shapeshifter) (D:13)
  A human (Lair:5)
  3 vampires
  2 hogs (Lair:6)
  2 basilisks
  10 vampire mosquitoes
  5 wargs
  8 soldier ants (Lair:2)
  An acid dragon (D:13)
  9 hell hounds
  11 water moccasins
  A floating eye (shapeshifter) (D:15)
  29 orc warriors
  5 sky beasts
  A black bear (Lair:2)
  14 ogres
  4 ice beasts
  A necrophage (D:12)
  19 centaurs
  6 wolves (Lair:2)
  2 big kobolds
  5 phantoms
  25 bullfrogs
  A water moccasin skeleton (D:4)
  A water moccasin zombie (D:7)
  A wyvern skeleton (D:10)
  8 scorpions
  8 wights
  8 killer bees
  2 howler monkeys
  An electric eel (Lair:4)
  2 bullfrog zombies
  6 lava snakes (Volcano)
  4 jellies
  10 centaur skeletons
  6 hounds
  17 orc priests
  3 bullfrog skeletons
  2 iguanas
  Jessica (D:2)
  9 hell rats
  34 orc wizards
  22 worker ants
  Terence (D:3)
  2 killer bee zombies
  A hound zombie (D:7)
  A hound skeleton (D:4)
  2 worker ant zombies
  Robin (D:3)
  3 gnolls (D:2)
  A howler monkey skeleton (D:8)
  13 adders
  2 shadow imps
  2 white imps
  2 oozes (D:3)
  An ufetubus (D:8)
  2 adder skeletons
  2 adder zombies
  6 worms
  2 dart slugs (D:1)
  6 leopard geckos
  98 orcs
  4 ball pythons
  12 bats
  3 giant cockroaches
  13 hobgoblins
  6 jackals
  19 kobolds
  3 quokkas
  5 frilled lizards
  15 goblins
  A quokka zombie (D:10)
  8 rats
824 creatures vanquished.

Vanquished Creatures (collateral kills)
  A jackal (D:7)
1 creature vanquished.

Vanquished Creatures (others)
  2 humans (Lair:6)
  A bush (Lair:6)
  28 fungi
  74 plants
105 creatures vanquished.

Grand Total: 930 creatures vanquished

Notes
Turn   | Place    | Note
-------+----------+-------------------------------------------
     0 | D:1      | HoaS the Gargoyle Gladiator began the quest for the Orb.
     0 | D:1      | Reached XP level 1. HP: 12/12 MP: 1/1
   198 | D:1      | Reached XP level 2. HP: 17/17 MP: 2/2
   571 | D:1      | Reached XP level 3. HP: 20/21 MP: 3/3
   848 | D:2      | Reached XP level 4. HP: 26/26 MP: 4/4
   919 | D:2      | Noticed Jessica
   944 | D:2      | Killed Jessica
   945 | D:2      | Reached skill level 5 in Staves
  1132 | D:2      | Found a blossoming altar of Fedhas.
  1174 | D:2      | Reached XP level 5. HP: 19/30 MP: 5/5
  1794 | D:3      | Noticed Terence
  1803 | D:3      | Killed Terence
  2163 | D:3      | Reached XP level 6. HP: 24/35 MP: 6/6
  2263 | D:3      | Noticed Robin
  2281 | D:3      | Killed Robin
  2552 | D:4      | Found a staircase to the Ecumenical Temple.
  2581 | D:4      | Reached XP level 7. HP: 39/40 MP: 7/7
  2595 | Temple   | Entered the Ecumenical Temple
  3211 | D:4      | Found a shimmering altar of Xom.
  3430 | D:5      | Entered Level 5 of the Dungeon
  3441 | D:5      | Reached XP level 8. HP: 44/44 MP: 8/8
  3466 | D:5      | Found a basalt altar of Yredelemnul.
  3493 | D:5      | Noticed Sigmund
  3500 | D:5      | Killed Sigmund
  3584 | D:5      | Noticed Grinder
  3588 | D:5      | Paralysed by Grinder for 3 turns
  3606 | D:5      | Killed Grinder
  3607 | D:5      | Reached skill level 10 in Staves
  3624 | D:5      | Found Inonu's Distillery.
  3667 | D:5      | Found a broken altar of Ashenzari.
  3668 | D:5      | Found a shimmering blue altar of Sif Muna.
  4067 | D:5      | Found a stormy altar of Qazlal.
  4265 | D:6      | Found a glowing silver altar of Zin.
  5187 | D:7      | Reached XP level 9. HP: 43/48 MP: 9/9
  6078 | D:8      | Found a faded altar of an unknown god.
  6078 | D:8      | Found an iron altar of Okawaru.
  6083 | D:8      | Found a burning altar of Makhleb.
  6086 | D:8      | Became a worshipper of Warmaster Okawaru
  6090 | D:8      | Found a shadowy altar of Dithmenos.
  6092 | D:8      | Found a faded altar of an unknown god.
  6470 | D:8      | Reached skill level 1 in Invocations
  6812 | D:9      | Found a radiant altar of Vehumet.
  6864 | D:9      | Found a white marble altar of Elyvilon.
  6965 | D:9      | Found a snail-covered altar of Cheibriados.
  7145 | D:9      | Found Axkasu Woux's Assorted Antiques.
  7258 | D:9      | Noticed Maggie
  7276 | D:9      | Killed Maggie
  7276 | D:9      | Reached * piety under Okawaru
  7277 | D:9      | Reached XP level 10. HP: 35/53 MP: 12/12
  7439 | D:9      | Noticed a cyan ugly thing
  7477 | D:8      | Killed a cyan ugly thing
  7570 | D:9      | Got a glimmering quarterstaff
  7670 | D:9      | Identified the +9 quarterstaff of Circularity {drain,
                  | Dex+4} (You found it on level 9 of the Dungeon)
  7689 | D:9      | Noticed Harold
  7703 | D:9      | Killed Harold
  7703 | D:9      | Reached ** piety under Okawaru
  7704 | D:9      | Reached skill level 5 in Invocations
  7704 | D:9      | Reached skill level 1 in Bows
  7832 | D:10     | Entered Level 10 of the Dungeon
  7832 | D:10     | Noticed Erica
  7844 | D:10     | Killed Erica
  7845 | D:10     | Reached skill level 4 in Bows
  8010 | D:10     | Reached skill level 5 in Bows
  8058 | D:10     | Reached *** piety under Okawaru
  8102 | D:10     | Reached skill level 6 in Bows
  8143 | D:10     | Found a staircase to the Lair.
  8148 | D:10     | Reached XP level 11. HP: 57/57 MP: 14/14
  8187 | D:10     | Reached skill level 7 in Bows
  8684 | D:10     | Noticed a hell knight
  8691 | D:10     | Killed a hell knight
  8691 | D:10     | Reached **** piety under Okawaru
  8692 | D:10     | Reached skill level 8 in Bows
  8786 | D:10     | Noticed a necromancer
  8787 | D:10     | Noticed a hell knight
  8868 | Lair:1   | Entered Level 1 of the Lair of Beasts
  8875 | D:10     | Received a gift from Okawaru
  8976 | D:10     | Reached skill level 9 in Bows
  9142 | Lair:1   | Reached ***** piety under Okawaru
  9145 | Lair:1   | Reached skill level 10 in Bows
  9161 | Lair:1   | Received a gift from Okawaru
  9299 | Lair:1   | Reached skill level 11 in Bows
  9476 | Lair:1   | Found a dark tunnel.
  9651 | Volcano  | Entered a volcano
  9716 | Volcano  | Reached XP level 12. HP: 41/62 MP: 15/15
 10177 | Volcano  | Found a burning altar of Makhleb.
 10177 | Volcano  | Noticed a sun demon
 10198 | Volcano  | Killed a sun demon
 10199 | Volcano  | Reached skill level 12 in Bows
 10660 | Volcano  | Noticed a hell knight
 10666 | Volcano  | Killed a hell knight
 11140 | Lair:2   | Reached ****** piety under Okawaru
 11255 | Lair:2   | Received a gift from Okawaru
 11262 | Lair:2   | Noticed a queen ant
 11282 | Lair:2   | Killed a queen ant
 11283 | Lair:2   | Reached skill level 13 in Bows
 11604 | Lair:2   | Found a staircase to the Shoals.
 12088 | Lair:3   | Reached skill level 14 in Bows
 12093 | Lair:3   | Received a gift from Okawaru
 12100 | Lair:3   | Reached skill level 1 in Armour
 12139 | Lair:3   | Noticed a five-headed hydra
 12164 | Lair:2   | Killed a five-headed hydra
 12322 | Lair:3   | Reached XP level 13. HP: 65/70 MP: 17/17
 12414 | Lair:3   | Reached skill level 5 in Fighting
 12503 | Lair:3   | Found a staircase to the Snake Pit.
 14229 | Lair:5   | Found a transporter.
 14311 | Lair:5   | Found a transporter.
 14401 | Lair:5   | Received a gift from Okawaru
 14444 | Lair:5   | Noticed Bodu's ghost (journeyman NaFi)
 14795 | Lair:6   | Entered Level 6 of the Lair of Beasts
 14835 | Lair:6   | Identified a scroll of acquirement
 14835 | Lair:6   | Acquired 483 gold pieces
 15137 | D:5      | Bought 2 potions of experience for 1300 gold pieces
 15137 | D:5      | Reached skill level 15 in Bows
 15137 | D:5      | Gained mutation: Your large and strong wings let you fly
                  | indefinitely. [Gargoyle growth]
 15137 | D:5      | Reached XP level 14. HP: 80/80 MP: 19/19
 15138 | D:5      | Reached skill level 16 in Bows
 15138 | D:5      | Reached XP level 15. HP: 85/85 MP: 19/21
 15423 | Lair:6   | Noticed Kirke
 15691 | Lair:5   | Killed Kirke
 15988 | Lair:6   | Found a viscous altar of Jiyva.
 15989 | Lair:6   | Found a staircase to the Slime Pits.
 16039 | Lair:6   | Received a gift from Okawaru
 16263 | Lair:6   | Reached skill level 17 in Bows
 16335 | Lair:6   | Received a gift from Okawaru
 16398 | Lair:6   | Reached XP level 16. HP: 90/90 MP: 23/23
 16539 | Lair:6   | Reached skill level 10 in Invocations
 17808 | D:10     | Reached skill level 18 in Bows
 18864 | D:11     | Received a gift from Okawaru
 19189 | D:12     | Found a staircase to the Orcish Mines.
 20212 | Orc:1    | Entered Level 1 of the Orcish Mines
 20301 | Orc:1    | Found a transporter.
 20304 | Orc:1    | Found a transporter.
 20361 | Orc:1    | Received a gift from Okawaru
 20364 | Orc:1    | Got a masterwork longbow {god gift}
 20380 | Orc:1    | Identified the +7 longbow of Propriety {freeze, rElec rN+
                  | Int+3} (Okawaru gifted it to you on level 1 of the Orcish
                  | Mines)
 20549 | Orc:1    | Found a roughly hewn altar of Beogh.
 20588 | Orc:2    | Entered Level 2 of the Orcish Mines
 20588 | Orc:2    | Found a staircase to the Elven Halls.
 20650 | Orc:2    | Noticed Donald
 20658 | Orc:2    | Killed Donald
 20659 | Orc:2    | Reached skill level 19 in Bows
 20681 | Orc:2    | Found Koblydui's Antique Weapon Shoppe.
 20713 | Orc:2    | Found a bloodstained altar of Trog.
 20751 | Orc:2    | Noticed Snorg
 20755 | Orc:2    | Killed Snorg
 20794 | Orc:2    | Found a roughly hewn altar of Beogh.
 20916 | Orc:2    | Paralysed by an orc sorcerer for 3 turns
 20960 | Orc:2    | Noticed Saint Roka
 21215 | Orc:2    | Found a roughly hewn altar of Beogh.
 21313 | Orc:2    | Found a roughly hewn altar of Beogh.
 21324 | Orc:2    | Found Wiejut's Assorted Antiques.
 21475 | Orc:2    | Killed Saint Roka
 21603 | Orc:2    | Found Jueteirek's Antique Weapon Boutique.
 21607 | Orc:2    | Found Illeaf's Antique Armour Shop.
 21615 | Orc:2    | Found a roughly hewn altar of Beogh.
 21692 | Orc:2    | Found a roughly hewn altar of Beogh.
 21774 | Orc:2    | Found a roughly hewn altar of Beogh.
 21804 | Orc:2    | Found Naumer's Weapon Boutique.
 21872 | Orc:2    | Bought a shiny plate armour for 650 gold pieces
 22129 | Lair:5   | Killed Bodu's ghost
 22575 | D:13     | Received a gift from Okawaru
 22589 | D:13     | Got a slimy buckler {god gift}
 22656 | D:13     | Reached skill level 20 in Bows
 22656 | D:13     | Reached XP level 17. HP: 83/95 MP: 24/24
 23422 | D:14     | Reached skill level 5 in Armour
 23629 | D:14     | Found a gate to the Vaults.
 23807 | D:14     | Reached skill level 5 in Dodging
 24004 | D:15     | Entered Level 15 of the Dungeon
 24480 | D:15     | Got a fine amber ring
 24481 | D:15     | Identified the ring of Zokew {rPois rC+ Will+ Int-4} (You
                  | found it on level 15 of the Dungeon)
 24648 | D:15     | Received a gift from Okawaru
 25234 | D:15     | Received a gift from Okawaru
 25248 | D:15     | Found a staircase to the Depths.
 25415 | Elf:1    | Entered Level 1 of the Elven Halls
 25428 | Elf:1    | Reached skill level 10 in Fighting
 25633 | Elf:1    | You are sucked into a shaft and drop 1 floor!
 25664 | Elf:2    | Found an ancient bone altar of Kikubaaqudgha.
 25691 | Elf:2    | Killed from afar by a deep elf annihilator

Illustrated notes

Levels and vault maps discovered:
D:1:      dpeg_arrival_round_b, layout_basic
D:2:      layout_basic, lemuel_crystal_altar, minmay_tromino_i4, uniq_jessica
D:3:      layout_loops_ring, uniq_terence, uniq_robin
D:4:      wander_river, layout_rooms, minmay_temple_entry_purple_smoke,
          minmay_ruined_shrine
D:5:      layout_basic, old_standard_altar,
          chequers_temple_overflow_statue_of_worship,
          nicolae_overflow_hidden_temple, serial_shops,
          nicolae_shop_window_shopping, uniq_sigmund, uniq_grinder
D:6:      layout_cave_pods, general_overflow_altar
D:7:      layout_rooms
D:8:      layout_loops_corners, chequers_temple_overflow_minitemple,
          nicolae_ossuary_entry_monument, kennysheep_potato
D:9:      layout_irregular_city, kennysheep_mini_moat, lemuel_round_altar,
          cheibrodos_worm_habitat, serial_shops, kennysheep_little_box,
          minmay_radiant, uniq_maggie, uniq_harold
D:10:     minmay_general_purpose_star, layout_gridville, lair_entry_dummy,
          minmay_rotating_lava, uniq_erica
D:11:     layout_basic
D:12:     layout_roguey, david_orc_3, serial_rivers,
          chequers_serial_rivers_marsh, chequers_serial_rivers_large_b,
          chequers_serial_rivers_large_a, chequers_serial_rivers_micro_a,
          chequers_serial_rivers_micro_b, chequers_serial_rivers_marsh
D:13:     layout_roguey
D:14:     layout_roguey, david_vaults_2, minmay_misc_feat_nine_boxes
D:15:     gammafunk_enter_depths_forms, layout_basic, nrook_mini_vaults,
          minmay_misc_feat_rows
Temple:   cyrus_temple_forest
Lair:1:   layout_regular_city, enter_volcano_2
Lair:2:   layout_gridlike, elwin_shoals_entry_stream, minmay_another_anthill
Lair:3:   layout_chaotic_city, dummy_snake_entry, lemuel_fruit_tree
Lair:4:   layout_gridlike, nicolae_lair_grove_arrangements, serial_bayou_shore_a
Lair:5:   layout_small_grid, nzn_ghost_randoct, grunt_megastairs_3
Lair:6:   minmay_lair_end_frog_pond, layout_regular_city, slime_altar_1,
          uniq_kirke
Orc:1:    gammafunk_beogh_shrine, layout_caves, portal_ice_cave_demonic_guard
Orc:2:    grunt_orc_community_town_hall, layout_caves,
          grunt_orc_community_big_house_1, grunt_orc_community_big_house_1,
          grunt_orc_community_house_3, grunt_orc_community_house_2,
          grunt_orc_community_house_2, grunt_orc_community_house_2,
          serial_shops, nicolae_shop_trees, basic_altar, uniq_snorg, uniq_donald
Elf:1:    layout_onion_city, hangedman_elf_disciples, uniq_frances
Elf:2:    layout_geoelf_octagon, basic_altar,
          portal_desolation_entry_nicolae_nacl, serial_shops, shop

Skill      XL: |  1  2  3  4  5  6  7  8  9 10 11 12 13 14 15 16 17 |
---------------+----------------------------------------------------+-----
Staves         | 4 5 6 7 9 11 13 14 | 14.0
Invocations    | 3 5 6 8 9 10 11 | 11.3
Bows           | 6 11 14 15 16 17 20 | 20.0
Armour         | 2 4 7 |  7.1
Fighting       | 4 6 10 | 10.4
Dodging        | 3 4 6 |  6.0
Throwing       | |  1.7

Action                   |  1- 3 |  4- 6 |  7- 9 | 10-12 | 13-15 | 16-18 || total
-------------------------+-------+-------+-------+-------+-------+-------++-------
Melee: Quarterstaff      |    85 |   214 |   458 |   498 |    31 |     6 ||  1292
       Lajatang          |       |       |       |    35 |   227 |   806 ||  1068
 Fire: Shortbow          |       |       |       |    96 |   126 |       ||   222
       Longbow           |       |       |       |       |    79 |   603 ||   682
Throw: Throwing net      |       |     3 |     2 |     1 |     2 |       ||     8
       Dart              |       |       |       |     3 |       |       ||     3
       Javelin           |       |       |       |     1 |       |       ||     1
       Boomerang         |       |       |       |     1 |       |       ||     1
Invok: Heroism           |       |       |       |     4 |       |     2 ||     6
       Finesse           |       |       |       |       |       |     2 ||     2
 Abil: Fly               |       |       |       |       |     1 |       ||     1
Evoke: Wand              |       |       |       |     3 |     1 |       ||     4
  Use: Scroll            |     2 |     4 |    16 |     8 |     4 |    12 ||    46
       Potion            |       |       |       |     2 |     4 |     1 ||     7
 Stab: Held in net/web   |       |     1 |     2 |     2 |     1 |       ||     6
       Sleeping          |       |       |       |     1 |       |       ||     1
       Distracted        |       |       |       |       |     3 |     1 ||     4
Armor: Chain mail        |    39 |   117 |   179 |       |       |       ||   335
       Leather armour    |     5 |       |       |       |       |       ||     5
       Acid dragon scale |       |       |       |    56 |       |       ||    56
       Plate armour      |       |       |       |   167 |   240 |   519 ||   926
Dodge: Dodged            |    53 |    68 |   173 |   200 |   140 |   341 ||   975
       Repelled          |       |       |     3 |     1 |       |       ||     4
Block: Other             |       |       |       |       |       |    23 ||    23
       Reflection        |       |       |       |       |       |     6 ||     6

Table legend: (Time is in decaauts)
 A = Elapsed time spent in this place.
 B = Non-inter-level travel time spent in this place.
 C = Inter-level travel time spent in this place.
 D = Time resting spent in this place.
 E = Time spent auto-exploring this place.
 F = Levels seen in this place.
 G = Mean time per level.
                   A        B        C        D        E       F      G
               +--------+--------+--------+--------+--------+-----+--------+
         Total |  24691 |  22334 |   2357 |   3233 |  13705 |  27 |  914.5 |
       Dungeon |  14443 |  13159 |   1284 |   1814 |   8112 |  15 |  962.9 |
        Temple |     85 |     85 |      0 |      0 |     44 |   1 |   85.0 |
          Lair |   7097 |   6115 |    982 |    537 |   4308 |   6 | 1182.8 |
  Orcish Mines |   1620 |   1530 |     90 |    110 |    871 |   2 |  810.0 |
   Elven Halls |    256 |    256 |      0 |    150 |     37 |   2 |  128.0 |
       Volcano |   1187 |   1187 |      0 |    622 |    332 |   1 | 1187.0 |
               +--------+--------+--------+--------+--------+-----+--------+

Top non-repeatable levels by time:
    D:10: 1840 daAuts
  Lair:6: 1448 daAuts
  Lair:5: 1422 daAuts
  Lair:2: 1254 daAuts
    D:15: 1252 daAuts
   Orc:2: 1227 daAuts
 Volcano: 1187 daAuts
     D:9: 1172 daAuts
  Lair:3: 1090 daAuts
    D:11: 1067 daAuts
     D:2: 1021 daAuts
     D:8: 1014 daAuts
     D:6: 1014 daAuts
  Lair:4: 970 daAuts
     D:3: 960 daAuts
